 Dungeon Crawl Stone Soup version 0.20-a0-1018-ge435b50 (webtiles) character file.

1205 Duffy the Chopper (level 8, 0/60 HPs)
             Began as a Demonspawn Fighter on Apr 17, 2017.
             Slain by a gnoll
             ... wielding a +0 whip
              (4 damage)
             ... on level 7 of the Dungeon.
             The game lasted 00:06:39 (5737 turns).

Duffy the Chopper (Demonspawn Fighter)              Turns: 5737, Time: 00:06:40

Health: 0/60       AC: 13    Str: 18    XL:     8   Next: 21%
Magic:  0/10       EV:  5    Int: 10    God:
Gold:   184        SH: 12    Dex: 13    Spells: 7/7 levels left

rFire    . . .     SeeInvis .   a - +0 war axe
rCold    + . .     Gourm    .   c - +0 shield
rNeg     . . .     Faith    .   e - +0 chain mail
rPois    .         Spirit   +   b - +0 helmet
rElec    .         Reflect  +   (no cloak)
rCorr    +         Harm     .   n - +0 pair of gloves
MR       .....                  w - +0 pair of boots
Stlth    ..........             k - +3 amulet of reflection
Regen    0.2/turn               o - ring of resist corrosion
MPRegen  0.3/turn               y - ring "Suvitaec" {+Inv rC+ Stlth+}

@: drained
A: claws 1, talons 1, magic shield, magic regeneration
a: Evoke Invisibility


You were on level 7 of the Dungeon.
You were not hungry.

You visited 1 branch of the dungeon, and saw 7 of its levels.

You collected 325 gold pieces.
You spent 141 gold pieces at shops.

Inventory:

Hand Weapons
 a - a +0 war axe (weapon)
Armour
 b - a +0 helmet (worn)
 c - a +0 shield (worn)
 e - a +0 chain mail (worn)
 n - a +0 pair of gloves (worn)
 w - a +0 pair of boots (worn)
Jewellery
 k - a +3 amulet of reflection (around neck)
 o - a ring of resist corrosion (left hand)
 y - the ring "Suvitaec" (right hand) {+Inv rC+ Stlth+}
   (You found it on level 5 of the Dungeon)

   [ring of stealth]

   It protects you from cold.
   It lets you turn invisible.
   It makes you more stealthy.
Wands
 E - a wand of polymorph (10/24)
Scrolls
 h - 5 scrolls of teleportation
 m - a scroll of blinking
 p - a scroll of fog
 q - a scroll of remove curse
 r - 3 scrolls of recharging
 C - a scroll of vulnerability
Potions
 d - 2 potions of might
 g - 3 potions of agility
 i - a potion of haste
 l - a potion of flight
 z - a potion of resistance
 A - 3 potions of curing
 B - 3 potions of heal wounds
Comestibles
 f - 5 bread rations
 s - 2 meat rations
 t - 3 royal jellies
 v - 5 fruits


   Skills:
 - Level 4.2(3.9) Fighting
 * Level 6.0(5.7) Axes
 + Level 4.5(4.2) Armour
 + Level 5.0(4.7) Shields
 + Level 2.8(2.5) Evocations


You had 7 spell levels left.
You didn't know any spells.

Dungeon Overview and Level Annotations

Branches:
Dungeon (7/15)             Temple (0/1) D:6

Altars:
Qazlal
Ru
Yredelemnul
Zin
The Shining One

Shops:
D:4 **[:!


Innate Abilities, Weirdness & Mutations

You have sharp fingernails.
You have sharp toenails.
When hurt, damage is shared between your health and your magic reserves.
You regenerate magic rapidly.


Message History

You block the gnoll's attack.
The gnoll hits you from afar with a halberd!
You block the gnoll's attack. The gnoll hits you.
The gnoll hits you but does no damage. You block the gnoll's attack. x2
You block the gnoll's attack. x3; The gnoll hits you.
You block the gnoll's attack. x2; The gnoll barely misses you.
The gnoll hits you. The gnoll barely misses you.
The gnoll hits you with a flail. The gnoll hits you but does no damage.
The gnoll barely misses you. You block the gnoll's attack.
The gnoll hits you with a flail. The gnoll hits you but does no damage.
The gnoll hits you with a whip.
The gnoll hits you from afar with a halberd.
You block the gnoll's attack. The gnoll hits you.
You block the gnoll's attack. x2; The gnoll hits you but does no damage.
The gnoll hits you with a flail. The gnoll hits you but does no damage.
You block the gnoll's attack. x2
Your magical contamination has completely faded away.
The gnoll hits you with a whip.
You die...

#...!......_
#...........
#...........
#......._..}
#...........
#>....g.....
#..ggg....._
#...@.......
#...<......#
#..........#
#.<........#
############


You could see 4 gnolls.

Vanquished Creatures
  An ogre (D:5)
  A centaur (D:5)
  A big kobold (D:3)
  A scorpion (D:6)
  4 wights (D:6)
  A howler monkey (D:4)
  A crimson imp (D:5)
  6 orc priests
  A jelly (D:5)
  An iguana (D:3)
  Terence (D:2)
  Natasha (D:3)
  4 orc wizards
  2 worker ants (D:5)
  A hound zombie (D:5)
  A howler monkey skeleton (D:6)
  6 adders
  4 oozes
  An adder skeleton (D:5)
  3 adder zombies
  2 worms
  2 dart slugs
  6 leopard geckos
  24 orcs
  A ball python (D:2)
  5 giant cockroaches
  13 hobgoblins
  2 jackals (D:5)
  5 quokkas
  5 bats
  3 frilled lizards
  11 goblins
  4 kobolds
  8 rats
  A spectral orc (D:5)
134 creatures vanquished.

Vanquished Creatures (others)
  An orc (D:6)
  A goblin (D:3)
2 creatures vanquished.

Grand Total: 136 creatures vanquished

Notes
Turn   | Place    | Note
-------+----------+-------------------------------------------
     0 | D:1      | Duffy the Demonspawn Fighter began the quest for the Orb.
     0 | D:1      | Reached XP level 1. HP: 18/18 MP: 1/1
    47 | D:1      | Reached skill level 2 in Axes
   257 | D:1      | Gained mutation: When hurt, damage is shared between your health and your magic reserves. [demonic ancestry]
   257 | D:1      | Reached XP level 2. HP: 24/24 MP: 2/2
  1031 | D:2      | Reached XP level 3. HP: 27/29 MP: 1/3
  1303 | D:2      | Found a stormy altar of Qazlal.
  1455 | D:2      | Noticed Terence
  1461 | D:2      | Killed Terence
  1461 | D:2      | Gained mutation: You regenerate magic rapidly. [demonic ancestry]
  1461 | D:2      | Reached XP level 4. HP: 35/35 MP: 4/4
  1663 | D:2      | Reached skill level 3 in Axes
  1983 | D:3      | Reached XP level 5. HP: 41/41 MP: 5/5
  2828 | D:3      | Noticed Natasha
  2835 | D:3      | Killed Natasha
  2835 | D:3      | Reached XP level 6. HP: 48/48 MP: 6/6
  2855 | D:3      | Reached skill level 4 in Axes
  2952 | D:4      | Found Orylekhla's Book Boutique.
  2960 | D:4      | Found Ylot's Armour Emporium.
  3045 | D:4      | Found Plog's Assorted Antiques.
  3100 | D:4      | Bought a scroll labeled GUUTTOBIPP for 29 gold pieces
  3100 | D:4      | Bought a purple potion for 26 gold pieces
  3100 | D:4      | Bought a viscous purple potion for 26 gold pieces
  3122 | D:4      | Found Ajeaz's General Store.
  3390 | D:4      | Found Anwiag's Distillery.
  3395 | D:4      | Bought a potion of heal wounds for 60 gold pieces
  3516 | D:5      | Entered Level 5 of the Dungeon
  3547 | D:5      | Got a clouded bone ring
  3563 | D:5      | Identified the ring "Suvitaec" {+Inv rC+ Stlth+} (You found it on level 5 of the Dungeon)
  3877 | D:5      | Found a basalt altar of Yredelemnul.
  3993 | D:5      | Reached skill level 1 in Evocations
  3993 | D:5      | Gained mutation: You have sharp toenails. [demonic ancestry]
  3993 | D:5      | Reached XP level 7. HP: 51/54 MP: 7/7
  4385 | D:5      | Reached skill level 5 in Axes
  5455 | D:6      | Gained mutation: You have sharp fingernails. [demonic ancestry]
  5455 | D:6      | Reached XP level 8. HP: 50/60 MP: 9/9
  5513 | D:6      | Found a staircase to the Ecumenical Temple.
  5536 | D:6      | Reached skill level 6 in Axes
  5539 | D:6      | Reached skill level 5 in Shields
  5706 | D:7      | Found a glowing silver altar of Zin.
  5708 | D:7      | Found a sacrificial altar of Ru.
  5709 | D:7      | Found a glowing golden altar of the Shining One.
  5737 | D:7      | Slain by a gnoll

Vault maps used:
D:1:      dpeg_arrival_rooms_c
D:2:      grunt_qazlal_sundering, uniq_terence
D:3:      cheibrodos_greedy_goblins, first_bread, uniq_natasha
D:4:      serial_shops, nicolae_shop_crystal, shop, kennysheep_little_box, shop,
          kennysheep_mini
D:5:      yredelemnul_forgotten_temple_becter, small_statue_intersection
D:6:      grunt_temple_overflow_lords_of_destruction,
          minmay_temple_entry_junction
D:7:      grunt_temple_overflow_open, kiku_gazebo_garden_becter

Skill      XL: |  1  2  3  4  5  6  7  8 |
---------------+-------------------------+-----
Axes           | 2 3 4 5 6 |  6.0
Armour         | 3 4 |  4.5
Shields        | 3 4 5 |  5.0
Fighting       | 4 |  4.2
Evocations     | 1 2 |  2.8

Action                   |  1- 3 |  4- 6 |  7- 9 || total
-------------------------+-------+-------+-------++-------
Melee: War axe           |   111 |   230 |   164 ||   505
  Use: Scroll            |       |     7 |     9 ||    16
  Eat: Chunk             |     2 |     8 |     6 ||    16
Armor: Chain mail        |    60 |   107 |    88 ||   255
Dodge: Dodged            |    14 |    36 |    40 ||    90
Block: Shield            |    68 |   165 |   164 ||   397
       Reflection        |     1 |     4 |     2 ||     7
